 Dungeon Crawl Stone Soup version 0.31-a0-1-g4198be8af4 (webtiles) character file.

Game seed: 288504784850650753

14301 CowFu the Carver (level 11, -6/97 HPs)
             Began as a Minotaur Fighter on May 1, 2023.
             Was a Believer of the Shining One.
             Mangled by an orc knight
             ... wielding a +0 halberd
              (18 damage)
             ... in a bailey.
             The game lasted 00:12:59 (10657 turns).

CowFu the Carver (Minotaur Fighter)                Turns: 10657, Time: 00:13:00

Health: -6/97      AC: 15    Str: 25    XL:     11   Next: 86%
Magic:  10/10      EV:  9    Int:  5    God:    the Shining One [**....]
Gold:   633        SH:  6    Dex: 10    Spells: 10/10 levels left

rFire   . . .        a - +4 scimitar (heavy)
rCold   . . .        c - +0 buckler
rNeg    + . .        r - +0 plate armour
rPois   .            (helmet restricted)
rElec   .            (no cloak)
rCorr   .            l - +0 pair of gloves
SInv    .            (no boots)
Will    +....        (no amulet) Stlth
                     q - ring of willpower
HPRegen 0.36/turn    (no ring)
MPRegen 0.12/turn

%: no passive effects
@: mighty, glowing
A: horns 2, retaliatory headbutt
a: Renounce Religion, Divine Shield


You were in a bailey.
You worshipped the Shining One.
The Shining One was pleased with you.
You visited 2 branches of the dungeon, and saw 11 of its levels.
You also visited: Bailey.

You collected 633 gold pieces.

Inventory:

Hand Weapons
 a - a +4 heavy scimitar (weapon)
 b - a +1 scimitar of flaming
 B - the +4 mace "Unuah" {heavy, rF+}
   (You found it on level 9 of the Dungeon)

   rF:        It protects you from fire.
Armour
 c - a +0 buckler (worn)
 l - a +0 pair of gloves (worn)
 r - a +0 plate armour (worn)
Jewellery
 j - a ring of magical power
 o - a ring of fire
 q - a ring of willpower (left hand)
 z - a ring of ice
Wands
 e - a wand of mindburst (12)
 t - a wand of paralysis (7)
 u - a wand of digging (1)
Scrolls
 g - 4 scrolls of teleportation
 p - 2 scrolls of fear
 y - a scroll of fog
Potions
 d - 2 potions of might
 f - 2 potions of degeneration
 h - 2 potions of resistance
 i - 5 potions of lignification
 k - 2 potions of attraction
 m - a potion of heal wounds
 n - 2 potions of brilliance
 s - 2 potions of curing
 v - a potion of flight
 w - 2 potions of haste
 A - a potion of berserk rage
 C - a potion of ambrosia
 D - a potion of cancellation {unknown}
 E - a potion of magic {unknown}
 F - 3 potions of invisibility
 G - a potion of mutation {unknown}


   Skills:
 + Level 9.6 Fighting
 - Level 14.0 Long Blades
 + Level 9.6 Armour
 + Level 8.0 Dodging
 + Level 9.6 Shields


You had 10 spell levels left.
You didn't know any spells.
Your spell library contained the following spells:

 Spells                   Type           Power      Damage    Failure   Level
 Kiss of Death            Conj/Necr      0%         2d5       100%        1
 Slow                     Hex            0%         N/A       100%        1
 Ensorcelled Hibernation  Hex/Ice        0%         N/A       100%        2
 Passwall                 Tmut/Erth      0%         N/A       100%        2
 Scorch                   Fire           0%         2d5       100%        2
 Confusing Touch          Hex            0%         N/A       100%        3
 Dazzling Flash           Conj/Hex       0%         N/A       100%        3
 Swiftness                Air            0%         N/A       100%        3
 Vampiric Draining        Necr           0%         2d6       100%        3
 Volatile Blastmotes      Fire/Tloc      0%         2d10      100%        3
 Dispel Undead            Necr           0%         3d6       100%        4
 Flame Wave               Conj/Fire      0%         2d4       100%        4
 Fulminant Prism          Conj/Hex       0%         3d5       100%        4
 Iskenderun's Mystic Bla  Conj/Tloc      0%         2d3       100%        4
 Agony                    Necr           0%         N/A       100%        5
 Lee's Rapid Deconstruct  Erth           0%         3d4*      100%        5
 Silence                  Hex/Air        0%         N/A       100%        5
 Summon Cactus Giant      Summ           0%         N/A       100%        6


Dungeon Overview and Level Annotations

Branches:
Dungeon (10/15)            Temple (1/1) D:6             Orc (0/2) D:9
 Bailey (1/1)
   Lair: D:8-11

Altars:
Ashenzari
Cheibriados
Dithmenos
Elyvilon
Fedhas
Gozag
Hepliaklqana
Makhleb
Nemelex Xobeh
Okawaru
Ru
Sif Muna
Trog
Uskayaw
Vehumet
Wu Jian
Yredelemnul
Zin
The Shining One

Shops:
D:1 ?   D:4 *   D:7 *   D:9 :


Innate Abilities, Weirdness & Mutations

You have a pair of horns on your head.
You reflexively headbutt those who attack you in melee.


Message History

The orc knight roars a battlecry!
You close the door, pushing everything out of the way.
You see here a +0 halberd.
An orc knight breaks down the door.
Things that are here:
a +0 halberd; a +0 war axe You feel very mighty all of a sudden.
The orc warrior no longer looks unusually strong.
The orc knight roars a battlecry!
The orc warrior goes into a battle-frenzy!
The orc knight hits you from afar with a +0 halberd!!
The orc knight hits you with a +0 halberd! x2
The orc warrior hits you from afar with a +0 halberd!
You barely miss the orc knight. You headbutt the orc knight.
The orc knight is lightly wounded.
The orc knight barely misses you.
The orc warrior hits you from afar with a +0 halberd!!
* * * LOW HITPOINT WARNING * * *
You feel much better. The orc knight completely misses you.
You furiously retaliate!
You headbutt the orc knight!!
The orc knight hits you but does no damage.
The orc warrior hits you from afar with a +0 halberd!
You feel much better.
The orc knight no longer looks unusually strong.
The orc knight roars a battlecry!
The orc knight goes into a battle-frenzy!
The orc warrior hits you from afar with a +0 halberd!
You slice the orc knight!!
The orc knight is moderately wounded.
The orc knight roars a battlecry!
The orc knight goes into a battle-frenzy!
The orc knight hits you with a +0 halberd!!
* * * LOW HITPOINT WARNING * * *
The orc warrior hits you from afar with a +0 halberd!
* * * LOW HITPOINT WARNING * * *
You feel much better.
The orc knight hits you with a +0 halberd!!
* * * LOW HITPOINT WARNING * * *
The orc knight hits you with a +0 halberd!!
You die...

##### ############
....## ##........∩.##
.....######.....#).....#
.##))#)..[#))..###.)...#
..8..')...'.)...8.....∩#
o##)o#...)#)..o###)))..#
..)..######....o#......#
....## ##...o@...∩.##
##### ############


You could see 2 orc knights and an orc warrior (strong).

Vanquished Creatures
  Erica (D:9)
  A two-headed ogre (D:8)
  An unseen horror (D:7)
  2 trolls
  A wyvern (D:7)
  4 yaks (D:9)
  Eustachio (D:6)
  Menkaure (D:6)
  Edmund (D:6)
  3 acid dragons
  8 orc warriors
  3 ice beasts
  2 ogres
  3 black bears
  2 centaurs (D:8)
  3 kobold brigands
  2 gnoll sergeants
  4 scorpions
  10 wights
  3 killer bees (D:9)
  6 electric eels (D:9)
  A gnoll bouda (D:6)
  A hound (D:4)
  7 orc priests
  5 iguanas
  A sleepcap (D:6)
  6 orc wizards
  10 gnolls
  5 adders
  2 shadow imps (D:6)
  5 white imps
  2 worms
  2 dart slugs (D:1)
  58 orcs
  3 endoplasms
  3 giant cockroaches
  5 goblins
  5 hobgoblins
  3 jackals (D:1)
  17 kobolds
  2 quokkas
  8 ball pythons
  4 bats
  2 frilled lizards (D:3)
  9 rats
228 creatures vanquished.

Vanquished Creatures (others)
  61 plants (D:9)
61 creatures vanquished.

Grand Total: 289 creatures vanquished

Notes
Turn   | Place    | Note
-------+----------+-------------------------------------------
     0 | D:1      | CowFu the Minotaur Fighter began the quest for the Orb.
     0 | D:1      | Reached XP level 1. HP: 19/19 MP: 0/0
    47 | D:1      | Reached skill level 3 in Long Blades
    73 | D:1      | Reached XP level 2. HP: 18/26 MP: 1/1
   218 | D:1      | Found Alolahuu's Magic Scroll Shoppe.
   370 | D:1      | Reached skill level 4 in Long Blades
  1486 | D:2      | Reached XP level 3. HP: 31/31 MP: 2/2
  1882 | D:3      | Found an opulent altar of Gozag.
  2021 | D:3      | Reached skill level 5 in Long Blades
  2443 | D:4      | Noticed a black bear
  2505 | D:4      | Reached XP level 4. HP: 39/39 MP: 3/3
  2522 | D:4      | Noticed an ice beast
  2529 | D:4      | Killed an ice beast
  2530 | D:4      | Reached skill level 6 in Long Blades
  2530 | D:4      | Reached XP level 5. HP: 34/45 MP: 4/4
  2553 | D:4      | Killed a black bear
  2554 | D:4      | Reached skill level 7 in Long Blades
  2554 | D:4      | Reached XP level 6. HP: 26/51 MP: 5/5
  2567 | D:4      | Reached skill level 8 in Long Blades
  2819 | D:4      | Reached skill level 9 in Long Blades
  2845 | D:4      | Reached XP level 7. HP: 51/57 MP: 6/6
  2884 | D:4      | Found Aujafim's Alliterative Accessories.
  3228 | D:5      | Entered Level 5 of the Dungeon
  3325 | D:5      | Reached skill level 10 in Long Blades
  3346 | D:5      | Noticed a troll
  3357 | D:5      | Killed a troll
  3358 | D:5      | Reached skill level 11 in Long Blades
  3550 | D:5      | Found a blossoming altar of Fedhas.
  3662 | D:5      | Reached XP level 8. HP: 53/64 MP: 7/7
  3790 | D:5      | Found a white marble altar of Elyvilon.
  4022 | D:5      | Found a basalt altar of Yredelemnul.
  4398 | D:6      | Found a staircase to the Ecumenical Temple.
  4469 | Temple   | Entered the Ecumenical Temple
  4624 | Temple   | Became a worshipper of the Shining One
  4667 | D:6      | Noticed Edmund
  4684 | D:6      | Killed Edmund
  4685 | D:6      | Reached skill level 12 in Long Blades
  4824 | D:6      | Reached skill level 13 in Long Blades
  5040 | D:6      | Found a shadowy altar of Dithmenos.
  5201 | D:6      | Noticed Eustachio
  5210 | D:6      | Killed Eustachio
  5212 | D:6      | Reached * piety under the Shining One
  5233 | D:6      | Reached XP level 9. HP: 65/70 MP: 8/8
  5236 | D:6      | Reached skill level 14 in Long Blades
  5480 | D:6      | Reached skill level 1 in Dodging
  5686 | D:6      | Noticed Menkaure
  5695 | D:6      | Killed Menkaure
  6268 | D:7      | Noticed an unseen horror
  6274 | D:7      | Killed an unseen horror
  6275 | D:7      | Reached skill level 5 in Fighting
  6275 | D:7      | Reached skill level 5 in Armour
  6275 | D:7      | Reached skill level 5 in Shields
  6309 | D:7      | Found an iron altar of Okawaru.
  6683 | D:7      | Found Woixuu's Fire Supplies.
  7423 | D:8      | Found a sparkling altar of Nemelex Xobeh.
  7612 | D:8      | Noticed a two-headed ogre
  7618 | D:8      | Killed a two-headed ogre
  7619 | D:8      | Reached XP level 10. HP: 68/84 MP: 9/9
  7742 | D:8      | Reached ** piety under the Shining One
  8478 | D:9      | Noticed Erica
  8493 | D:9      | Killed Erica
  8494 | D:9      | Reached skill level 5 in Dodging
  8753 | D:9      | Found a shimmering blue altar of Sif Muna.
  8810 | D:9      | HP: 1/86 [electric eel/bolt of electricity (9)]
  8835 | D:9      | HP: 1/86 [acid dragon/splash of acid (11)]
  9356 | D:9      | Identified the +4 mace "Unuah" {heavy, rF+}
  9510 | D:9      | Found a staircase to the Orcish Mines.
 10104 | D:9      | Found Kerick's Vocational Training.
 10223 | D:10     | Entered Level 10 of the Dungeon
 10275 | D:10     | Found a flagged portal.
 10284 | Bailey   | Entered a bailey
 10492 | Bailey   | Reached XP level 11. HP: 74/97 MP: 10/10
 10558 | Bailey   | Noticed an orc knight
 10610 | Bailey   | Noticed an orc knight
 10657 | Bailey   | Mangled by an orc knight

Illustrated notes

Levels and vault maps discovered:
D:1:      onia_arrival_mini_maze_b, layout_basic, serial_shops,
          nicolae_shop_rolled_up
D:2:      minmay_angry_zag, layout_loops_ring
D:3:      layout_basic, grunt_gozag_breadcrumbs, dk_noncrumbling_4
D:4:      layout_rooms, nicolae_alphabet_shops, kennysheep_orc_chapel
D:5:      layout_loops_corners, mainiacjoe_overflow_boulevard,
          kennysheep_ying_yang
D:6:      layout_loops_ring, kennysheep_mini, minmay_temple_entry_hall,
          uniq_eustachio, uniq_menkaure, uniq_edmund
D:7:      layout_basic, okawaru_trees_2, st_stairs_10,
          minmay_misc_feat_nine_boxes, nicolae_shop_fire_sale
          [nicolae_sub_dead_trees]
D:8:      layout_layer_cave, nemelex_xobeh_ov_fountains_minmay
D:9:      nicolae_cairo_tiling_large_dashed, layout_rooms,
          mainiacjoe_overflow_tiny_flanked, orc_0_dummy, serial_bayou,
          serial_bayou_pond_c, serial_bayou_pond_a, serial_bayou_shore_a,
          serial_bayou_lake_a, nicolae_shop_vocational, uniq_erica
D:10:     layout_loops_corners, xom_confusion_cloud, lemuel_tele_altar,
          nicolae_qazlal_style_of_elements, enter_bailey_2,
          kennysheep_generic_room_4, uniq_joseph, uniq_maggie, uniq_psyche
Temple:   jpeg_temple_clearing
Bailey:   bailey_polearm_5, bailey

Skill      XL: |  1  2  3  4  5  6  7  8  9 10 |
---------------+-------------------------------+-----
Long Blades    | 3 4 5 6 7 9 11 13 14 | 14.0
Dodging        | 4 8 |  8.0
Fighting       | 6 9 |  9.6
Armour         | 6 9 |  9.6
Shields        | 6 9 |  9.6

Action                     |  1- 3 |  4- 6 |  7- 9 | 10-12 || total
---------------------------+-------+-------+-------+-------++-------
  Melee: Long sword        |   101 |    51 |    93 |       ||   245
         Headbutt          |    15 |     9 |    68 |    45 ||   137
         Short sword       |       |       |    70 |       ||    70
         Scimitar          |       |       |   142 |   170 ||   312
    Use: Potion            |       |     4 |     1 |    10 ||    15
         Scroll            |       |     1 |     7 |    15 ||    23
 Armour: Scale mail        |    54 |    26 |     4 |       ||    84
         Plate armour      |       |       |   143 |    67 ||   210
  Dodge: Dodged            |    65 |    24 |    75 |    82 ||   246
  Block: Buckler           |    16 |    10 |    51 |    33 ||   110

Table legend: (Time is in decaauts)
 A = Elapsed time spent in this place.
 B = Non-inter-level travel time spent in this place.
 C = Inter-level travel time spent in this place.
 D = Time resting spent in this place.
 E = Time spent auto-exploring this place.
 F = Levels seen in this place.
 G = Mean time per level.
                   A        B        C        D        E       F      G
               +--------+--------+--------+--------+--------+-----+--------+
         Total |  10668 |  10242 |    426 |      0 |   8470 |  12 |  889.0 |
       Dungeon |  10116 |   9733 |    383 |      0 |   8176 |  10 | 1011.6 |
        Temple |    176 |    133 |     43 |      0 |    111 |   1 |  176.0 |
        Bailey |    375 |    375 |      0 |      0 |    183 |   1 |  375.0 |
               +--------+--------+--------+--------+--------+-----+--------+

Top non-repeatable levels by time:
     D:8: 1792 daAuts
     D:6: 1464 daAuts
     D:5: 1260 daAuts
     D:9: 1231 daAuts
     D:1: 1081 daAuts
     D:7: 1054 daAuts
     D:3: 770 daAuts
     D:4: 731 daAuts
     D:2: 668 daAuts
  Bailey: 375 daAuts
  Temple: 176 daAuts
    D:10: 60 daAuts
